[Event "*** SCC Grand Prix: Titled Tuesday Blitz"]
[Site "Chess.com"]
[Date "2020.07.07"]
[Round "7"]
[White "rududuyk"]
[Black "Sueetin"]
[Result "0-1"]
[WhiteElo "2087"]
[BlackElo "2301"]
[TimeControl "180+1"]
[EndTime "11:19:10 PDT"]
[Termination "Sueetin won on time"]

1. e4 e6 2. d4 d5 3. Nd2 Be7 4. e5 c5 5. c3 Nc6 6. Qg4 Bf8 7. Bd3 Qb6 8. Ne2 Nh6 9. Qg5 cxd4 10. cxd4 Nxd4 11. Nc3 Nhf5 12. O-O Be7 13. Qg4 h5 14. Qd1 Bd7 15. Nf3 g6 16. a4 a5 17. Nxd4 Qxd4 18.
Nb5 Qxe5 19. Bxf5 gxf5 20. f4 Qb8 21. Qd4 Rg8 22. Qb6 Kf8 23. Nc7 Bd8 24. Qd6+ Kg7 25.
Qxd7 Bxc7 26. Be3 Bd6 27. Bd4+ Kg6 0-1

[Event "*** SCC Grand Prix: Titled Tuesday Blitz"]
[Site "Chess.com"]
[Date "2020.07.07"]
[Round "7"]
[White "PauloFanha"]
[Black "Efremov_Vlad"]
[Result "1-0"]
[WhiteElo "2012"]
[BlackElo "2197"]
[TimeControl "180+1"]
[EndTime "11:19:10 PDT"]
[Termination "PauloFanha won on time"]

1. e4 c5 2. Nf3 e6 3. Nc3 Nc6 4. e5 d6 5. exd6 Bxd6 6. Bb5 Nf6 7. Bxc6+ bxc6 8. O-O O-O 9. d3 Ba6 10. Re1 c4 11. d4 c5 12. Be3 cxd4 13. Bxd4 Be7 14. Qe2 Qa5 15. Qe5 Qxe5 16. Bxe5 Nd7 17. Bd4 Rfb8 18.
Ne4 Rb5 19. Bc3 Rc8 20. Rad1 Nc5 21. Nxc5 Bxc5 22. Rd7 Bb7 23. Ne5 f6 24. Nxc4 Bd5 25.
Ne3 Bxe3 26. Rxe3 Bxa2 27. Rxa7 Bd5 28. f3 e5 29. Rd3 Be6 30. Rd6 Bf5 31. g4 Bxc2 32.
Rdd7 Kh8 33. Rxg7 Rd5 34. Rgd7 Rd8 35. Rxd8+ Rxd8 36. Rf7 Rd1+ 37. Kf2 Rd6 38. Rxf6 Re6 39. Rxe6 1-0

[Event "*** SCC Grand Prix: Titled Tuesday Blitz"]
[Site "Chess.com"]
[Date "2020.07.07"]
[Round "7"]
[White "AldokhinIvan"]
[Black "okriak"]
[Result "0-1"]
[WhiteElo "2521"]
[BlackElo "2719"]
[TimeControl "180+1"]
[EndTime "11:19:11 PDT"]
[Termination "okriak won on time"]

1. e4 e6 2. d4 d5 3. Nc3 Bb4 4. Ne2 dxe4 5. a3 Bxc3+ 6. Nxc3 Nc6 7. Bb5 Ne7 8. Nxe4 Qd5 9. Qe2 Qxd4 10. O-O O-O 11. Bd3 Ne5 12. Be3 Qd8 13. Bb5 c6 14. Ba4 Nd5 15. Bc5 Re8 16. f4 Nd7 17. Bd6 N7f6 18. Nxf6+ Nxf6 19. Rad1 b5 20. Bb3 Qb6+ 21. Kh1 c5 22. c4 Ba6 23. Be5 bxc4 24. Bc2 c3 25. Rd3 Bxd3 26. Qxd3 Rad8 27. Qxc3 Nd5 28. Qh3 g6 29. Qh6 f6 30. Bxg6 Re7 31. Rf3 hxg6 32. Rg3 Rg7 33. Rxg6 Qb7 0-1

[Event "*** SCC Grand Prix: Titled Tuesday Blitz"]
[Site "Chess.com"]
[Date "2020.07.07"]
[Round "7"]
[White "Arathorn2"]
[Black "chalowey97"]
[Result "0-1"]
[WhiteElo "2284"]
[BlackElo "2196"]
[TimeControl "180+1"]
[EndTime "11:19:12 PDT"]
[Termination "chalowey97 won on time"]

1. d4 d5 2. c4 e6 3. Nc3 f5 4.
Qc2 c6 5. Bf4 Nf6 6. e3 Bd6 7.
Bxd6 Qxd6 8. Bd3 O-O 9. cxd5 cxd5 10. Nf3 Ne4 11. O-O Nc6 12. a3 Bd7 13. Nb5 Qe7 14. Rac1 a6 15. Nc3 Rac8 16. Qb3 b5 17. Ne2 g5 18.
Rfd1 h6 19. Ne5 Na5 20. Qb4 Rxc1 21. Rxc1 Qxb4 22. axb4 Nb3 23. Nxd7 Nxc1 24. Nxc1 Rd8 25. Ne5 Rc8 26. Nb3 Nd6 27. Nc5 Nc4 0-1

[Event "*** SCC Grand Prix: Titled Tuesday Blitz"]
[Site "Chess.com"]
[Date "2020.07.07"]
[Round "7"]
[White "Anton_Demchenko"]
[Black "gross-aleks"]
[Result "1-0"]
[WhiteElo "2860"]
[BlackElo "2608"]
[TimeControl "180+1"]
[EndTime "11:19:13 PDT"]
[Termination "Anton_Demchenko won by resignation"]

1. d4 Nf6 2. Nf3 e6 3. Bf4 b6 4.
e3 Bb7 5. Bd3 c5 6. Nbd2 Be7 7.
c3 cxd4 8. cxd4 Nc6 9. a3 O-O 10. h3 Nd5 11. Bh2 f5 12. O-O a6 13. Re1 Rc8 14.
Qe2 b5 15. Rac1 Qe8 16. Nb3 Qh5 17. Nc5 Bxc5 18. Rxc5 Nce7 19. Bd6 Rxc5 20. dxc5 Re8 21. Ne5 Qxe2 22. Bxe2 Bc6 23. Rd1 Nc8 24. h4 Nxd6 25.
cxd6 Kf8 26. g4 f4 27. e4 Nf6 28. f3 Rc8 29. Kf2 Ke8 30. Nd3 Bb7 31. g5 Nh5 32.
Rd2 Rc6 33. e5 Rc4 34. b4 Rc5 35. Nxc5 1-0

[Event "*** SCC Grand Prix: Titled Tuesday Blitz"]
[Site "Chess.com"]
[Date "2020.07.07"]
[Round "7"]
[White "RobertoJBM"]
[Black "Natalya_Buksa"]
[Result "1-0"]
[WhiteElo "2712"]
[BlackElo "2555"]
[TimeControl "180+1"]
[EndTime "11:19:14 PDT"]
[Termination "RobertoJBM won by resignation"]

1. d4 d5 2. c4 e6 3. Nc3 Be7 4. cxd5 exd5 5. Bf4 Nf6 6. e3 Nc6 7. Nf3 Bf5 8. Rc1 O-O 9. Bd3 Bxd3 10. Qxd3 h6 11. h3 a6 12. O-O Bd6 13. Bxd6 Qxd6 14.
Na4 Nd8 15. a3 Ne6 16. b4 Nd7 17. Rc2 c6 18. Nc5 Rab8 19. Nxd7 Qxd7 20. Rfc1 Qd6 21. Ne5 Ng5 22. Qf5 Rbd8 23. h4 Ne4 24. Qf4 f6 25.
Ng6 Qxf4 26. Nxf4 Kf7 27. f3 Nd6 28. Kf2 Nc4 29. Rc3 b5 30. Nd3 Ra8 31. a4 a5 32.
axb5 cxb5 33. bxa5 Rxa5 34. Nb4 Ke6 35. R1c2 Ra4 36.
Nd3 Kd6 37. Rb3 Rb8 38. Nc5 Ra3 39. Rxa3 Nxa3 40. Rb2 b4 41. Nd3 b3 42. Nc5 Nc4 43.
Rxb3 Ra8 44. e4 Ra2+ 45. Kg3 Nd2 46. Rb6+ Kc7 47. Rb7+ Kc6 48. Rxg7 dxe4 49. Nxe4 Nf1+ 50. Kf4 Kd5 51. Nc3+ 1-0

[Event "*** SCC Grand Prix: Titled Tuesday Blitz"]
[Site "Chess.com"]
[Date "2020.07.07"]
[Round "7"]
[White "j2806"]
[Black "IsaacWiebe"]
[Result "0-1"]
[WhiteElo "2040"]
[BlackElo "2087"]
[TimeControl "180+1"]
[EndTime "11:19:14 PDT"]
[Termination "IsaacWiebe won by checkmate"]

1. e4 e6 2. d4 d5 3. Nd2 c5 4.
dxc5 Bxc5 5. exd5 exd5 6. Ngf3 Nf6 7. Be2 O-O 8. O-O Nc6 9. Nb3 Bb6 10. Bg5 Bf5 11. Nbd4 Bg6 12. c3 Re8 13. Re1 Qd6 14.
h3 Ne4 15. Bh4 Qf4 16. g3 Qd6 17. Ng5 Nxd4 18. cxd4 Ba5 19. Nxe4 Rxe4 20. Rf1 Qb6 21. Qc1 Rxe2 22. Qf4 Re4 23. Qf3 Qxd4 24. Rab1 Bb6 25. Rfd1 Qe5 26. Kg2 Re2 27. Rf1 Be4 28. g4 Bxf3+ 29.
Kxf3 Qe4+ 30. Kg3 Bc7+ 31. f4 Re3+ 32. Kh2 Re2+ 33. Kg1 Qg2# 0-1

[Event "*** SCC Grand Prix: Titled Tuesday Blitz"]
[Site "Chess.com"]
[Date "2020.07.07"]
[Round "7"]
[White "Gennady_Kozlov"]
[Black "frederiksvane"]
[Result "1-0"]
[WhiteElo "2548"]
[BlackElo "2660"]
[TimeControl "180+1"]
[EndTime "11:19:15 PDT"]
[Termination "Gennady_Kozlov won by resignation"]

1. b3 Nf6 2. Bb2 g6 3. e3 Bg7 4.
f4 O-O 5. Nf3 c5 6. Be2 b6 7.
O-O Bb7 8. a4 Nc6 9. Ne5 Nxe5 10.
Bxe5 d6 11. Bb2 Qc7 12. Bf3 d5 13. Be5 Qd7 14. Qe2 h5 15. d3 Rfd8 16. Nd2 Rac8 17.
h3 Ne8 18. Bxg7 Nxg7 19. g4 hxg4 20. hxg4 Qc7 21. Rae1 e6 22. Qh2 Ne8 23. Kg2 Kf8 24. Rh1 Ke7 25. Qh4+ Kd6 26. Qg5 Qe7 27. Qe5+ Kd7 28. c4 Qf6 29. cxd5 Bxd5 30. Bxd5 Qxe5 31. fxe5 exd5 32. Ref1 Ke6 33. Nf3 f6 34. exf6 Nxf6 35. Ng5+ Ke7 36. Rf4 Rh8 37. Rhf1 Rc6 38. e4 dxe4 39.
dxe4 Rd6 40. e5 Rd2+ 41. Kg1 Nd7 42. Rf7+ Kd8 43. e6 Ne5 44. e7+ Kd7 45. Rf8 Kxe7 46.
Rxh8 Nxg4 47. Rh7+ Kd6 48. Ne4+ Ke5 49. Nxd2 1-0

[Event "*** SCC Grand Prix: Titled Tuesday Blitz"]
[Site "Chess.com"]
[Date "2020.07.07"]
[Round "7"]
[White "TST2014"]
[Black "cassoulet"]
[Result "0-1"]
[WhiteElo "2488"]
[BlackElo "2645"]
[TimeControl "180+1"]
[EndTime "11:19:15 PDT"]
[Termination "cassoulet won by resignation"]

1. d4 Nf6 2. c4 e6 3. Nf3 d5 4.
Nc3 Be7 5. Bf4 O-O 6. e3 Nbd7 7.
c5 Ne4 8. Nxe4 dxe4 9. Ne5 Nxe5 10. Bxe5 Bf6 11. Bg3 Bd7 12. Bc4 Bc6 13. O-O a6 14. Qc2 h5 15. h3 h4 16. Bh2 Re8 17. Rfd1 g6 18. b4 Qd7 19. a4 Bg7 20. Qb3 Bd5 21.
b5 a5 22. Bxd5 exd5 23. c6 bxc6 24. bxc6 Qxc6 25. Rdc1 Qe6 26. Rxc7 Bf8 27. Rac1 Reb8 28. Rb7 Rc8 29. Rcc7 Rxc7 30. Bxc7 Qc6 31. Be5 Bb4 32. Rc7 Qe6 33. Qc2 Re8 34. Rc6 Qf5 35. Rf6 Rc8 36. Qe2 Qd7 37. Rf4 Be7 38. Qa2 Rc4 39. Qb2 Rb4 40.
Qc2 Rxa4 41. Bf6 Rc4 42. Qb3 Bxf6 43. Rxf6 Rc1+ 44. Kh2 Qc7+ 45. g3 hxg3+ 46. fxg3 Rc2+ 47. Kg1 Rc3 48. Qb5 Qxg3+ 49. Kf1 Rc1+ 50. Ke2 Re1+ 51.
Kd2 Qxe3+ 52. Kc2 Rc1+ 53. Kb2 Qc3+ 0-1

[Event "*** SCC Grand Prix: Titled Tuesday Blitz"]
[Site "Chess.com"]
[Date "2020.07.07"]
[Round "7"]
[White "ajian"]
[Black "NikolaGry"]
[Result "0-1"]
[WhiteElo "2422"]
[BlackElo "2612"]
[TimeControl "180+1"]
[EndTime "11:19:15 PDT"]
[Termination "NikolaGry won by checkmate"]

1. d4 d5 2. c4 Nc6 3. Nf3 Bg4 4.
Nc3 e6 5. Bf4 Bd6 6. Bxd6 Qxd6 7. e3 Nge7 8. c5 Qd7 9. Bb5 a6 10. Ba4 b6 11. b4 b5 12. Bb3 Nxb4 13. O-O Bxf3 14. Qxf3 O-O 15. a4 Rab8 16. axb5 axb5 17. Rfb1 Nbc6 18. Ne2 e5 19. Rd1 exd4 20. Nxd4 Ne5 21. Qh5 Nc4 22. e4 Rfd8 23. e5 Nc6 24. e6 fxe6 25.
Bc2 g6 26. Bxg6 N6e5 27. Bc2 Qf7 28. Qh3 Re8 29. Ra7 b4 30. Qg3+ Kh8 31. Bb3 Rf8 32.
Bxc4 Nxc4 33. Rxc7 Qf6 34. Qh3 Qxf2+ 35. Kh1 Qf1+ 36. Rxf1 Rxf1# 0-1

[Event "*** SCC Grand Prix: Titled Tuesday Blitz"]
[Site "Chess.com"]
[Date "2020.07.07"]
[Round "7"]
[White "tan275"]
[Black "PotapovaM"]
[Result "0-1"]
[WhiteElo "2265"]
[BlackElo "2489"]
[TimeControl "180+1"]
[EndTime "11:19:15 PDT"]
[Termination "PotapovaM won by resignation"]

1. d4 Nf6 2. c4 g6 3. g3 c5 4. d5 Bg7 5. Bg2 e6 6. Nc3 exd5 7. cxd5 d6 8. Nf3 O-O 9. O-O Re8 10. Re1 a6 11. a4 Nbd7 12. h3 Rb8 13. Bf4 Qc7 14. e4 b5 15. axb5 axb5 16. Nd2 c4 17. b4 cxb3 18. Qxb3 Nc5 19. Qc2 b4 20. Na4 Nfd7 21.
Rab1 Ba6 22. Nxc5 Nxc5 23. Bf1 Bxf1 24. Kxf1 Bc3 25. Re2 Qc8 26. Kg2 Qa6 27. Nb3 Nd3 28.
Bh6 Nb2 29. Rxb2 Qc4 30. Rb1 Ra8 31. Nd2 Qxe2 32. Qd3 Qxd3 0-1

[Event "*** SCC Grand Prix: Titled Tuesday Blitz"]
[Site "Chess.com"]
[Date "2020.07.07"]
[Round "7"]
[White "saraswathii"]
[Black "Vision_64"]
[Result "1-0"]
[WhiteElo "2346"]
[BlackElo "2195"]
[TimeControl "180+1"]
[EndTime "11:19:15 PDT"]
[Termination "saraswathii won on time"]

1. d4 Nf6 2. Bf4 e6 3. e3 d5 4. c3 Bd6 5. Bg3 O-O 6. Nf3 b6 7. Bd3 Bb7 8. O-O Bxg3 9. hxg3 Nbd7 10. Nbd2 c5 11. Ne5 Rc8 12. f4 Ne4 13. Bxe4 dxe4 14. Qa4 Nxe5 15. fxe5 Qg5 16. Qxa7 Qxe3+ 17. Rf2 Bd5 18. Nf1 Qg5 19. Qxb6 cxd4 20. Qxd4 Rc4 21. Qd1 e3 22. Re2 Re4 23. Qc1 Rxe5 24. Rxe3 Rf5 25. Qd2 Qh6 26. g4 Rf4 27. Nh2 Rd8 28. Rd1 Ra8 29.
b3 g6 30. c4 Bc6 31. Rh3 Qg5 32. g3 Re4 33. Qxg5 1-0

[Event "*** SCC Grand Prix: Titled Tuesday Blitz"]
[Site "Chess.com"]
[Date "2020.07.07"]
[Round "7"]
[White "marabu44"]
[Black "if_name_main_a"]
[Result "0-1"]
[WhiteElo "2238"]
[BlackElo "2389"]
[TimeControl "180+1"]
[EndTime "11:19:16 PDT"]
[Termination "if_name_main_a won by resignation"]

1. Nf3 c5 2. b3 Nc6 3. Bb2 Nf6 4. d3 d5 5. Nbd2 Qc7 6. e4 e5 7. g3 d4 8. Bg2 h6 9. a4 Be6 10. O-O Be7 11. Nc4 g5 12. h3 Nd7 13. Nh2 h5 14. Bc1 O-O-O 15. Bd2 Rdg8 16. Kh1 Nf8 17. Rg1 Qd7 18. Qf1 b6 19. f4 gxf4 20. gxf4 exf4 21. Bxf4 Ng6 22. Bg3 h4 23. Be1 Nge5 24. Nxe5 Nxe5 25.
Bd2 Bd6 26. Bf4 Qc7 27. Nf3 Nxf3 28. Bxd6 Qxd6 29. Qxf3 Rg3 30. Qf6 Qf8 31. Raf1 Rh6 32. Qf4 Bxh3 33. Rf3 Bxg2+ 34. Rxg2 Rxg2 35. Kxg2 Qg7+ 36.
Kf2 h3 37. Rxh3 Rf6 38. Rf3 Rxf4 39. Rxf4 Kd7 40. Rf5 Ke6 41. Rf3 Qh6 42. Ke2 Qc1 43. Rf2 Qxc2+ 44. Kf3 Qxd3+ 45. Kf4 Qe3+ 0-1

[Event "*** SCC Grand Prix: Titled Tuesday Blitz"]
[Site "Chess.com"]
[Date "2020.07.07"]
[Round "7"]
[White "econpower"]
[Black "TigranMukhutdinov"]
[Result "0-1"]
[WhiteElo "2651"]
[BlackElo "2538"]
[TimeControl "180+1"]
[EndTime "11:19:17 PDT"]
[Termination "TigranMukhutdinov won by resignation"]

1. c4 e5 2. g3 Nf6 3. Bg2 Nc6 4. Nc3 Bb4 5. Nd5 Be7 6. e3 O-O 7. Ne2 d6 8. O-O a5 9. d3 Be6 10. Nec3 Rb8 11. a3 Re8 12. Rb1 Bf8 13. b4 axb4 14.
axb4 Bxd5 15. cxd5 Ne7 16. b5 Ra8 17. Bd2 Nd7 18. f4 g6 19. Qc2 Bg7 20. e4 exf4 21. gxf4 f5 22. Ne2 Nb6 23. Bc3 Bxc3 24. Qxc3 Nexd5 25. Qb3 Kf8 26. Nd4 Ne3 27. Ne6+ Rxe6 28. Qxe6 Nxf1 29.
Rxf1 Qh4 30. Qb3 Re8 31. Qc3 fxe4 32. Qxc7 e3 33. Qxd6+ Kg7 34. Qd4+ Kh6 35. Qa1 e2 36. Re1 Na4 37. Bf3 Qxf4 38. Kg2 Re5 39. Rxe2 Rg5+ 40.
Kf1 Qxf3+ 41. Rf2 Qh1+ 42. Ke2 Qxa1 0-1

[Event "*** SCC Grand Prix: Titled Tuesday Blitz"]
[Site "Chess.com"]
[Date "2020.07.07"]
[Round "7"]
[White "grzechu96"]
[Black "AccioChess"]
[Result "1-0"]
[WhiteElo "2663"]
[BlackElo "2493"]
[TimeControl "180+1"]
[EndTime "11:19:17 PDT"]
[Termination "grzechu96 won on time"]

1. e4 e5 2. Nf3 Nc6 3. Bc4 Nf6 4. d3 Be7 5. O-O O-O 6. a4 d6 7. a5 a6 8. h3 h6 9. Nc3 Be6 10. Bxe6 fxe6 11. Nh2 Qe8 12. f4 exf4 13. Bxf4 e5 14. Be3 Qg6 15. Ng4 Nxg4 16. Qxg4 Qxg4 17. hxg4 Rxf1+ 18. Kxf1 Nd4 19. Bxd4 exd4 20. Nd5 Bd8 21. Ra4 c6 22.
Nf4 Bf6 23. Rb4 Rf8 24. Ke2 Rf7 25. Nh3 Be5 26. Ng1 g5 27. Nf3 Kg7 28. Rc4 Rf4 29. Rb4 Rf7 30. Rc4 Rf4 31. Nxd4 Rxg4 32. Nf5+ Kg6 33.
g3 h5 34. Kf3 1-0

[Event "*** SCC Grand Prix: Titled Tuesday Blitz"]
[Site "Chess.com"]
[Date "2020.07.07"]
[Round "7"]
[White "sotochess"]
[Black "Alkhoori90"]
[Result "0-1"]
[WhiteElo "2431"]
[BlackElo "2270"]
[TimeControl "180+1"]
[EndTime "11:19:17 PDT"]
[Termination "Alkhoori90 won by checkmate"]

1. e4 d5 2. exd5 Qxd5 3. Nc3 Qd6 4. Nf3 Nf6 5. Be2 Bg4 6. h3 Bh5 7. O-O c6 8. Re1 Nbd7 9. d3 e6 10. Ng5 Bxe2 11. Qxe2 Be7 12. Bd2 O-O 13. Rad1 Qc7 14.
Qf3 Nd5 15. Qh5 Bxg5 16. Bxg5 Nxc3 17. bxc3 Qa5 18. Qg4 Qxc3 19. Re2 Nf6 20. Qh4 h6 21. Be3 Rad8 22. Rb1 b6 23. Qa4 Rd7 24. Rb3 Qa1+ 25.
Kh2 b5 26. Qa6 Qe5+ 27. f4 Qd5 28. a4 bxa4 29. Qxa4 Qh5 30. Re1 Ng4+ 31. Kg1 Nxe3 32. Rxe3 Qd1+ 33. Kh2 Qxc2 34. Rg3 Rfd8 35. Qb4 Rxd3 36.
Rb2 Qc1 37. Rb1 Qc2 38. Rb2 Qd1 39. Rb1 Qe2 40. Rb2 Qf1 41. Qe7 R3d7 42. Qh4 Rd1 43.
Rf3 Qh1+ 44. Kg3 R1d3 45. Rf2 Rxf3+ 46. Kxf3 Rd3+ 47. Ke4 Qd1 48. Rf3 Rd4+ 49. Ke3 Qd2# 0-1

[Event "*** SCC Grand Prix: Titled Tuesday Blitz"]
[Site "Chess.com"]
[Date "2020.07.07"]
[Round "7"]
[White "IngOscarArdila"]
[Black "MF1966Idrisov"]
[Result "0-1"]
[WhiteElo "2174"]
[BlackElo "2324"]
[TimeControl "180+1"]
[EndTime "11:19:17 PDT"]
[Termination "MF1966Idrisov won by resignation"]

1. d4 d5 2. Nf3 e6 3. c4 c6 4. cxd5 exd5 5. Nc3 Nf6 6. Bg5 Be7 7. e3 O-O 8. h3 Bf5 9. Bd3 Ne4 10. Bxe7 Qxe7 11.
O-O Nd7 12. Qb3 Rab8 13. Rac1 g5 14. Qd1 h5 15. Be2 g4 16. hxg4 hxg4 17. Nd2 Qh4 18. Ncxe4 dxe4 19. g3 Qh6 20. Bxg4 Qe6 21. Bxf5 Qxf5 22.
Kg2 Kg7 23. Rh1 Rh8 24. Qc2 Nf6 25. Qc5 Nd5 26. Qc2 Nf6 27. Rcf1 Rbe8 28. Qd1 Ng4 29. Qe2 a6 30. Nb1 Re6 31. Rxh8 Kxh8 32. Rh1+ Rh6 33. Rxh6+ Nxh6 34. Nc3 Ng4 35. f3 exf3+ 36. Qxf3 Qh5 37.
Ne2 f5 38. Nf4 Qh2+ 39. Kf1 Qxb2 40. Ne2 Nh2+ 0-1

[Event "*** SCC Grand Prix: Titled Tuesday Blitz"]
[Site "Chess.com"]
[Date "2020.07.07"]
[Round "7"]
[White "WashUntilHoles"]
[Black "suyu28"]
[Result "1-0"]
[WhiteElo "2740"]
[BlackElo "2574"]
[TimeControl "180+1"]
[EndTime "11:19:18 PDT"]
[Termination "WashUntilHoles won by checkmate"]

1. e4 e5 2. Nf3 Nc6 3. Bb5 a6 4. Ba4 Nf6 5. O-O Be7 6. d3 b5 7.
Bb3 Bb7 8. Bg5 O-O 9. Nc3 d6 10. Bxf6 Bxf6 11. Bd5 g6 12. a4 b4 13. Ne2 Qd7 14.
c3 bxc3 15. bxc3 Rab8 16. a5 Na7 17. Bxb7 Rxb7 18. d4 exd4 19. cxd4 Re8 20. Ng3 c5 21.
e5 Be7 22. d5 dxe5 23. Nxe5 Qc7 24. Nc4 Bd6 25. Re1 Rbb8 26. Ne4 Bxh2+ 27. Kh1 Qf4 28. g3 Qf5 29. Ncd6 Qh3 30. Nf6+ Kh8 31. Rxe8+ Rxe8 32. Nxf7+ Kg7 33. Nxe8+ Kf8 34. Ng5 Qh6 35. Qf3+ Kxe8 36. Qf7+ Kd8 37. Ne6+ Kc8 38. Qc7# 1-0

[Event "*** SCC Grand Prix: Titled Tuesday Blitz"]
[Site "Chess.com"]
[Date "2020.07.07"]
[Round "7"]
[White "juniortay"]
[Black "TioCridineno"]
[Result "1-0"]
[WhiteElo "2368"]
[BlackElo "2122"]
[TimeControl "180+1"]
[EndTime "11:19:18 PDT"]
[Termination "juniortay won by resignation"]

1. e4 c5 2. Nc3 a6 3. g3 b5 4. Bg2 Bb7 5. d3 e6 6. f4 d5 7. e5 g6 8. Nge2 h5 9. h3 Nh6 10. O-O Be7 11. Be3 Nc6 12. Bf2 Nf5 13. Qd2 Qc7 14. Nd1 d4 15. a4 b4 16. b3 Bd8 17.
Nb2 Nce7 18. Nc4 Nd5 19. Be4 Be7 20. Kh2 Kd7 21. Ng1 Rag8 22. Nf3 Nc3 23. Bxb7 Qxb7 24.
Ng5 Rg7 25. Rae1 Nd5 26. Ne4 Rhg8 27. Bg1 g5 28. fxg5 Bxg5 29. Nxc5+ Kc6 30. Na5+ Kxc5 31.
Nxb7+ Kb6 32. Qg2 Kxb7 33. Rxf5 Be3 34. Bxe3 dxe3 35. Rf3 Kc6 36. Rfxe3 Rg5 37. Rf3 R8g7 38. Ref1 Rxe5 39. Rxf7 Rg6 40. R7f2 a5 41. Qf3 1-0

[Event "*** SCC Grand Prix: Titled Tuesday Blitz"]
[Site "Chess.com"]
[Date "2020.07.07"]
[Round "7"]
[White "mishanick"]
[Black "Sanyura"]
[Result "1-0"]
[WhiteElo "2862"]
[BlackElo "2508"]
[TimeControl "180+1"]
[EndTime "11:19:19 PDT"]
[Termination "mishanick won on time"]

1. d4 Nf6 2. c4 c5 3. d5 g6 4. Nc3 Bg7 5. e4 O-O 6. h3 e6 7. Bd3 exd5 8. cxd5 Re8 9. Nf3 c4 10. Bc2 b5 11. a3 d6 12. O-O Na6 13. Bf4 Nc5 14. Re1 Qb6 15. Nd4 Nfxe4 16. Bxe4 f5 17. Bc2 Rxe1+ 18. Qxe1 Bxd4 19. Qe8+ Kg7 20. Qe7+ Kg8 21.
Bxd6 Bb7 22. Rd1 Bxf2+ 23. Kf1 Bh4 24. Qxh4 Qxd6 25. Nxb5 Qd8 26. Qxc4 Nd7 27. d6+ Kg7 28. Nc7 Kh8 29. b4 Rc8 30. Qb5 Ba8 31. Ba4 Nb6 32. Qe5+ Kg8 33. Bb3+ Bd5 34. Nxd5 1-0

[Event "*** SCC Grand Prix: Titled Tuesday Blitz"]
[Site "Chess.com"]
[Date "2020.07.07"]
[Round "7"]
[White "Rodalquilar"]
[Black "TokChess"]
[Result "1-0"]
[WhiteElo "2628"]
[BlackElo "2425"]
[TimeControl "180+1"]
[EndTime "11:19:19 PDT"]
[Termination "Rodalquilar won by resignation"]

1. d4 Nf6 2. Bf4 d5 3. e3 g6 4.
Nf3 Bg7 5. Be2 O-O 6. O-O c5 7. c3 b6 8. Nbd2 Bb7 9. Qb3 Nbd7 10. a4 a6 11. Qa3 Ne4 12. Nxe4 dxe4 13. Nd2 e5 14.
dxe5 Nxe5 15. Bxe5 Bxe5 16. Nc4 Bc7 17. Rfd1 Qe7 18. Qb3 Qe6 19. Na5 Bd5 20. Qxd5 Qxd5 21. Rxd5 bxa5 22. Rxc5 Bb6 23. Rc6 Rfb8 24. Bc4 Bd8 25.
b3 Kg7 26. Rd1 Rb7 27. Rcd6 Bf6 28. Bd5 Raa7 29. Bxb7 Rxb7 30. b4 Bxc3 31. bxa5 Ra7 32. R1d5 h5 33. Rc6 Bb4 34. Rc4 Rb7 35. g3 f5 36. Rc6 Ra7 37. Rb6 Ba3 38. h4 Be7 39. Re5 Bd8 40. Rc6 Kf7 41. Ree6 Bxa5 42. Rxa6 1-0

[Event "*** SCC Grand Prix: Titled Tuesday Blitz"]
[Site "Chess.com"]
[Date "2020.07.07"]
[Round "7"]
[White "elohunter1999"]
[Black "Zurability"]
[Result "1-0"]
[WhiteElo "2467"]
[BlackElo "2584"]
[TimeControl "180+1"]
[EndTime "11:19:19 PDT"]
[Termination "elohunter1999 won on time"]

1. e4 c5 2. Nf3 d6 3. d4 cxd4 4. Nxd4 Nf6 5. Nc3 g6 6. Be3 Bg7 7. f3 a6 8. Qd2 Nbd7 9. Be2 b5 10. a4 b4 11. Nd5 Nxd5 12. exd5 Bb7 13. Nc6 Bxc6 14. dxc6 Ne5 15. Qxb4 Nxc6 16. Qc4 Qd7 17. O-O O-O 18. c3 Qb7 19. b4 Rfc8 20. Rfc1 Rc7 21.
Qb3 Rac8 22. Bf1 Na5 23. Qa2 Nc4 24. Bf2 Nb6 25. a5 Nd7 26. Qe2 Rxc3 27. Rxc3 Bxc3 28. Rb1 Nb8 29. b5 axb5 30. Qxb5 Qxb5 31. Rxb5 d5 32. Rxd5 e6 33. Rb5 1-0

[Event "*** SCC Grand Prix: Titled Tuesday Blitz"]
[Site "Chess.com"]
[Date "2020.07.07"]
[Round "7"]
[White "Chernobay_Artem"]
[Black "Artur0208"]
[Result "0-1"]
[WhiteElo "2619"]
[BlackElo "2787"]
[TimeControl "180+1"]
[EndTime "11:19:20 PDT"]
[Termination "Artur0208 won by resignation"]

1. d4 d5 2. c4 e6 3. Nc3 Be7 4. cxd5 exd5 5. Nf3 Nf6 6. Bg5 h6 7. Bh4 c6 8. Qc2 O-O 9. e3 Re8 10. Bd3 Ne4 11. Bxe7 Qxe7 12. Bxe4 dxe4 13. Nd2 Bf5 14. O-O Nd7 15. b4 Nf6 16. Rac1 Qxb4 17. Na4 Qe7 18.
Qb3 Nd5 19. Nc5 b6 20. Na4 Rac8 21. Nb2 Qg5 22. Kh1 Re6 23. Nbc4 Rg6 24. Rg1 Qh4 25. Ne5 Rg5 26. Rxc6 Rxc6 27. Qxd5 Rf6 28. Nf1 Qxf2 29. a4 Bg6 30. Qd8+ Kh7 31. Nd7 h5 32. Nxf6+ gxf6 33.
Ng3 h4 34. Nf1 Rxg2 35. Rxg2 Qxf1+ 0-1

[Event "*** SCC Grand Prix: Titled Tuesday Blitz"]
[Site "Chess.com"]
[Date "2020.07.07"]
[Round "7"]
[White "Andrii_Prydun"]
[Black "Aguiar94"]
[Result "0-1"]
[WhiteElo "2396"]
[BlackElo "2525"]
[TimeControl "180+1"]
[EndTime "11:19:20 PDT"]
[Termination "Aguiar94 won by checkmate"]

1. d4 Nf6 2. Nc3 d5 3. Bf4 Bf5 4. f3 e6 5. g4 Bg6 6. h4 h6 7. e3 a6 8. h5 Bh7 9. Bd3 c5 10. Nge2 Nc6 11. a3 Rc8 12. Qd2 Bd6 13. dxc5 Bxc5 14. Bxh7 Nxh7 15. O-O-O Ng5 16. Rhf1 Qe7 17. Rde1 b5 18. Kb1 b4 19. axb4 Bxb4 20. Qd3 Qb7 21. Kc1 Na5 22. e4 Nc4 23. b3 Na3 24. exd5 O-O 25.
Bxg5 hxg5 26. dxe6 Rfd8 27. Qe3 Nb5 28. Nxb5 Bd2+ 29.
Qxd2 Rxd2 30. Kxd2 Qxb5 31. Nd4 Qb4+ 32. Ke3 Rc3+ 33. Ke4 Qb7+ 34. Kf5 Qd5+ 35. Re5 Qxd4 36. e7 Qf4# 0-1

[Event "*** SCC Grand Prix: Titled Tuesday Blitz"]
[Site "Chess.com"]
[Date "2020.07.07"]
[Round "7"]
[White "kakakz"]
[Black "karinachess1"]
[Result "0-1"]
[WhiteElo "2372"]
[BlackElo "2503"]
[TimeControl "180+1"]
[EndTime "11:19:20 PDT"]
[Termination "karinachess1 won by resignation"]

1. d4 Nf6 2. c4 e6 3. Nf3 c5 4. g3 cxd4 5. Nxd4 a6 6. Bg2 Be7 7.
O-O Qc7 8. b3 O-O 9. Nc3 d5 10.
Bb2 e5 11. Nf3 d4 12. Nd5 Nxd5 13. cxd5 Qd6 14. Nd2 f5 15. Nc4 Qf6 16. f4 exf4 17. Bxd4 Qh6 18. gxf4 Nd7 19. Kh1 Bh4 20. Rf3 b5 21. Ne5 Nxe5 22. Bxe5 Bf6 23. Rh3 Qg6 24. Rg3 Qf7 25. d6 Bb7 26. Bxf6 Bxg2+ 27. Rxg2 Qxf6 28. Qd5+ Kh8 29. Rd1 Rad8 30. e3 Rf7 31. Qc6 Rfd7 32.
Rgd2 Qe6 33. Kg1 Qxe3+ 34. Kh1 Qxf4 35. Re2 h6 36. Re8+ Rxe8 37. Qxd7 Qf3+ 38. Kg1 Qxd1+ 39. Kf2 Re2+ 0-1

[Event "*** SCC Grand Prix: Titled Tuesday Blitz"]
[Site "Chess.com"]
[Date "2020.07.07"]
[Round "7"]
[White "ambaixador"]
[Black "pavelalexandru07"]
[Result "1/2-1/2"]
[WhiteElo "2310"]
[BlackElo "2169"]
[TimeControl "180+1"]
[EndTime "11:19:20 PDT"]
[Termination "Game drawn by repetition"]

1. Nf3 c5 2. g3 g6 3. Bg2 Bg7 4.
O-O Nc6 5. c3 Nf6 6. d4 cxd4 7.
cxd4 d5 8. Nc3 O-O 9. Ne5 Be6 10. Nxc6 bxc6 11. Na4 Nd7 12. b3 c5 13. Bb2 cxd4 14. Bxd4 Nf6 15. Rc1 Qa5 16. Nc5 Rac8 17. Nxe6 fxe6 18.
Qd3 Kh8 19. Qb1 Qd2 20. Rcd1 Qxe2 21. Rfe1 Qg4 22. h3 Qf5 23. Qxf5 exf5 24. Rxe7 Rc2 25. Rxa7 Nh5 26. Bxg7+ Nxg7 27. Rxd5 Re8 28. Rdd7 Re1+ 29. Kh2 Rxf2 30. Rxg7 Ree2 31. Rxh7+ Kg8 32. Rhg7+ Kh8 33. Rh7+ Kg8 34. g4 Rxg2+ 35. Kh1 Rh2+ 36. Kg1 Rhg2+ 37.
Kf1 Rgf2+ 38. Kg1 Rg2+ 39. Kf1 Rgf2+ 40. Kg1 Rg2+ 1/2-1/2